 Dungeon Crawl Stone Soup version 0.20-a0-862-gf9b334b (webtiles) character file.

103 Foodle the Caller (level 4, -6/24 HPs)
             Began as a Deep Elf Summoner on Mar 12, 2017.
             Killed by nerve-wracking pain
             ... invoked by Grinder
              (13 damage)
             ... on level 4 of the Dungeon.
             The game lasted 00:24:42 (3145 turns).

Foodle the Caller (Deep Elf Summoner)               Turns: 3145, Time: 00:24:45

Health: -6/24      AC:  4    Str:  7    XL:     4   Next: 51%
Magic:  1/12       EV: 13    Int: 26    God:
Gold:   178        SH:  0    Dex: 15    Spells: 5/11 levels left

rFire    . . .     SeeInvis .   n - +4 dagger (venom)
rCold    . . .     Gourm    .   a - +2 robe
rNeg     . . .     Faith    .   (no shield)
rPois    .         Spirit   .   (no helmet)
rElec    .         Reflect  .   (no cloak)
rCorr    .         Harm     .   (no gloves)
MR       +....                  (no boots)
Stlth    ++........             i - amulet of rage
Regen    0.1/turn               p - +2 ring of strength
MPRegen  0.2/turn               e - ring of protection from magic

@: brilliant
A: no striking features
a: Evoke Berserk Rage


You were on level 4 of the Dungeon.
You were not hungry.

You visited 1 branch of the dungeon, and saw 4 of its levels.

You collected 178 gold pieces.

Inventory:

Hand Weapons
 g - a -1 dagger
 k - a +0 short sword
 n - a +4 dagger of venom (weapon)
 o - a +2 dagger of venom
Armour
 a - a +2 robe (worn)
Jewellery
 e - a ring of protection from magic (left hand)
 f - an uncursed ring of flight
 i - an amulet of rage (around neck)
 l - an uncursed ring of protection from fire
 p - a +2 ring of strength (right hand)
Scrolls
 h - a scroll of enchant armour
 w - 5 scrolls of identify
 y - a scroll of remove curse
 z - a scroll of magic mapping
Potions
 d - a potion of lignification {unknown}
 m - a potion of haste {unknown}
 q - a potion of berserk rage {unknown}
 r - a potion of degeneration {unknown}
 t - a potion of heal wounds {unknown}
 u - 2 potions of brilliance
 v - a potion of magic {unknown}
 x - a potion of cancellation {unknown}
Books
 b - a book of Callings

   Spells                             Type                      Level
   a - Summon Small Mammal            Summoning                    1
   b - Call Imp                       Summoning                    2
   c - Call Canine Familiar           Summoning                    3
   d - Summon Guardian Golem          Hexes/Summoning              3
   e - Summon Lightning Spire         Summoning/Air                4
   f - Summon Ice Beast               Ice/Summoning                4
Comestibles
 c - 5 bread rations
 j - 3 royal jellies
 s - a fruit


   Skills:
 + Level 0.5 Fighting
 + Level 1.1 Short Blades
 + Level 2.8 Dodging
 + Level 3.3 Stealth
 + Level 4.0 Spellcasting
 + Level 5.2 Summonings


You had 5 spell levels left.
You knew the following spells:

 Your Spells              Type           Power        Failure   Level  Hunger
a - Summon Small Mammal   Summ           ####         1%          1    None
b - Call Imp              Summ           #####...     1%          2    None
c - Call Canine Familiar  Summ           #####...     1%          3    ##.....


Dungeon Overview and Level Annotations

Branches:
Dungeon (4/15)
 Temple: D:4-7

Altars:
Ashenzari
Cheibriados
Wu Jian

Annotations:
D:4 Grinder


Message History

Your bat hits Grinder but does no damage.
Grinder hits your hound.
Your hound writhes in agony.
Your crimson imp completely misses Grinder.
Your hound closely misses Grinder.
Your shadow imp closely misses Grinder.
Your bat hits Grinder but does no damage.
Your hound barely misses Grinder.
Your crimson imp closely misses Grinder.
Your hound bites Grinder.
Your bat hits Grinder but does no damage.
Your crimson imp closely misses Grinder.
Your hound bites Grinder.
Your bat hits Grinder but does no damage.
Your bat hits Grinder but does no damage.
Your hound barely misses Grinder.
Your crimson imp jumps up and down with excitement.
Your crimson imp hits Grinder.
Grinder gestures at you. Pain shoots through your body!
Ouch! That really hurt!
You die...

#.# #.# #.# #.#
###.## .... #
#!#########.#
##@..........# .
#..5......####
...##..5...†..'.<#
......)5h5b....####
....#..........#
#.. #.######+### #.
#. # #. #.


You could see Grinder, a friendly hound, 2 friendly crimson imps, a friendly
shadow imp and a friendly bat.

Vanquished Creatures
  2 dart slugs (D:3)
  An orc (D:3)
  A giant cockroach (D:3)
  3 goblins
  3 hobgoblins
  3 bats
  A frilled lizard (D:2)
  A kobold (D:2)
  4 rats
19 creatures vanquished.

Vanquished Creatures (collateral kills)
  2 worker ants (D:4)
  3 adders
  2 worms
  A dart slug (D:1)
  A leopard gecko (D:2)
  4 orcs
  3 giant cockroaches
  5 goblins
  5 hobgoblins
  2 quokkas (D:2)
  2 bats (D:1)
  3 kobolds (D:1)
  2 rats
35 creatures vanquished.

Vanquished Creatures (others)
  An orc (D:3)
1 creature vanquished.

Grand Total: 55 creatures vanquished

Notes
Turn   | Place    | Note
-------+----------+-------------------------------------------
     0 | D:1      | Foodle the Deep Elf Summoner began the quest for the Orb.
     0 | D:1      | Reached XP level 1. HP: 10/10 MP: 6/6
   637 | D:1      | Reached XP level 2. HP: 9/15 MP: 6/8
   641 | D:1      | Learned a level 2 spell: Call Imp
  1749 | D:2      | Reached skill level 5 in Summonings
  1749 | D:2      | Reached XP level 3. HP: 16/19 MP: 6/9
  1907 | D:2      | Found an ornate altar of the Wu Jian Council.
  2577 | D:3      | Learned a level 3 spell: Call Canine Familiar
  2808 | D:3      | Reached XP level 4. HP: 18/24 MP: 8/11
  2838 | D:3      | Found a shattered altar of Ashenzari.
  2840 | D:3      | Found a snail-covered altar of Cheibriados.
  3124 | D:4      | Noticed Grinder
  3138 | D:4      | Reached skill level 1 in Short Blades
  3145 | D:4      | Killed from afar by Grinder

Vault maps used:
D:1:      dpeg_arrival_fog, grunt_decor_mini_mirrors
D:2:      nicolae_overflow_crystal_walls, first_bread
D:3:      minitemple
D:4:      old_standard_altar, uniq_grinder

Skill      XL: |  1  2  3  4 |
---------------+-------------+-----
Summonings     | 5 |  5.2
Stealth        | 3 |  3.3
Spellcasting   | 4 |  4.0
Short Blades   | 1 |  1.1
Fighting       | |  0.5
Dodging        | |  2.8

Action                   |  1- 3 |  4- 6 || total
-------------------------+-------+-------++-------
Melee: Unarmed           |    28 |       ||    28
       Short sword       |    24 |       ||    24
       Dagger            |    46 |     2 ||    48
 Cast: Summon Small Mamm |    28 |     1 ||    29
       Call Imp          |    18 |     7 ||    25
       Call Canine Famil |     2 |     2 ||     4
  Use: Scroll            |     5 |     3 ||     8
       Potion            |       |     1 ||     1
 Stab: Sleeping          |    10 |       ||    10
  Eat: Meat ration       |     2 |       ||     2
Armor: Robe              |    26 |     1 ||    27
Dodge: Dodged            |    85 |     4 ||    89
